 Dungeon Crawl Stone Soup version 0.18-a0-1782-gb76a692 (webtiles) character file.

810 wvc the Chopper (level 7, -2/52 HPs)
             Began as a Mummy Monk on Apr 18, 2016.
             Slain by Jano's ghost (7 damage)
             ... on level 5 of the Dungeon.
             The game lasted 00:09:05 (5800 turns).

wvc the Chopper (Mummy Monk)                        Turns: 5800, Time: 00:09:06

Health: -2/52      AC:  8    Str: 14    XL:     7   Next: 61%
Magic:  7/7        EV: 12    Int: 10    God:
Gold:   121        SH:  0    Dex: 16    Spells: 0 memorised, 6 levels left

rFire  . . .     SeeInvis .     m - +1 war axe
rCold  + . .     Gourm    .     i - +0 ring mail
rNeg   + + +     Faith    .     (no shield)
rPois  ∞         Spirit   .     f - +2 helmet
rElec  .         Dismiss  .     (no cloak)
rCorr  .         Reflect  .     (no gloves)
SustAt .         Harm     .     (no boots)
MR     +....                    (no amulet)
Stlth  +.........               l - ring of protection from magic
                                k - ring of protection from fire

@: somewhat resistant to hostile enchantments, very unstealthy
A: no food or potions, fire vulnerability, cold resistance 1, negative energy
resistance 3, torment resistance, unbreathing
a: no special abilities


You were on level 5 of the Dungeon.
You were not hungry.

You visited 1 branch of the dungeon, and saw 5 of its levels.

You collected 121 gold pieces.

Inventory:

Hand Weapons
 m - a +1 war axe (weapon)
Missiles
 a - 12 poisoned needles
 b - 4 needles of paralysis
 d - 108 stones (quivered)
Armour
 c - a +0 buckler
 f - a +2 helmet (worn)
 i - a +0 ring mail (worn)
Jewellery
 k - a ring of protection from fire (left hand)
 l - a ring of protection from magic (right hand)
Wands
 g - a wand of slowing (32/48)
 n - a wand of enslavement (10/24)
Scrolls
 e - a scroll of enchant armour
 h - 2 scrolls of remove curse
 j - 6 scrolls of identify


   Skills:
 - Level 3.1 Fighting
 * Level 6.3 Axes
 - Level 2.0 Armour
 - Level 2.8 Dodging
 - Level 1.5 Stealth
 - Level 0.4 Shields
 - Level 3.2 Unarmed Combat


You had 6 spell levels left.
You didn't know any spells.

Dungeon Overview and Level Annotations

Branches:
Dungeon (5/15)
 Temple: D:4-7

Altars:

Annotations:
D:5 Jano's ghost, novice VSBe


Innate Abilities, Weirdness & Mutations

You do not eat or drink.
Your flesh is vulnerable to fire.
You are immune to poison.
Your flesh is cold resistant.
You are immune to negative energy.
You are immune to unholy pain and torment.
You can survive without breathing.


Message History

* * * LOW HITPOINT WARNING * * *
You closely miss Jano's ghost.
Jano's ghost is heavily damaged.
Jano's ghost closely misses you.
You barely miss Jano's ghost.
Jano's ghost is heavily damaged.
Jano's ghost hits you but does no damage.
You completely miss Jano's ghost.
Jano's ghost is heavily damaged.
Jano's ghost barely misses you.
You hit Jano's ghost but do no damage.
Jano's ghost is heavily damaged.
Jano's ghost hits you.
* * * LOW HITPOINT WARNING * * *
Jano's ghost hits you.
* * * LOW HITPOINT WARNING * * *
You barely miss Jano's ghost.
Jano's ghost is heavily damaged.
Jano's ghost hits you!
You die...

....)...))).'....'...'.....'.....
.....#####+##....#...#.....####.#
##..†............#...#.....# #..
#...............#...#.....# ####
#...............#####.....# #...
#...............# #.....# #...
##########'####.# #...%.# #...
#..# #.# #.....# #... ##.# #@#
#.....# #..[ #!###W# #... #..##.#
#.!. ##.##.# #### #..#.# ##.#.#
#.#.# #...# ##..#


You could see Jano's ghost.

Vanquished Creatures
  Grinder (D:3)
  2 centaurs
  An ogre (D:4)
  A howler monkey (D:4)
  2 hounds
  2 iguanas
  A worker ant (D:4)
  A hound zombie (D:5)
  Robin (D:3)
  4 adders
  A shadow imp (D:5)
  An adder skeleton (D:4)
  2 worms (D:2)
  5 dart slugs
  4 giant geckos
  7 orcs
  2 ball pythons
  2 giant cockroaches
  16 goblins
  12 hobgoblins
  5 jackals
  3 quokkas
  8 bats
  3 giant newts (D:1)
  A jackal skeleton (D:4)
  9 kobolds
  3 rats
100 creatures vanquished.

Notes
Turn   | Place    | Note
--------------------------------------------------------------
     0 | D:1      | wvc the Mummy Monk began the quest for the Orb.
     0 | D:1      | Reached XP level 1. HP: 18/18 MP: 1/1
   205 | D:1      | Reached XP level 2. HP: 24/24 MP: 2/2
   623 | D:1      | Reached skill level 1 in Axes
   666 | D:1      | Reached XP level 3. HP: 29/29 MP: 3/3
   766 | D:2      | Noticed Robin
   984 | D:1      | Reached skill level 1 in Armour
  1608 | D:3      | Killed Robin
  1608 | D:3      | Reached XP level 4. HP: 24/35 MP: 4/4
  2501 | D:2      | Reached skill level 2 in Axes
  3222 | D:3      | Noticed Grinder
  3224 | D:3      | Paralysed by Grinder for 2 turns
  3245 | D:3      | Killed Grinder
  3245 | D:3      | Reached skill level 4 in Axes
  3245 | D:3      | Reached XP level 5. HP: 17/41 MP: 5/5
  3245 | D:3      | Reached XP level 6. HP: 19/47 MP: 6/6
  4308 | D:4      | Reached skill level 5 in Axes
  4419 | D:4      | Reached XP level 7. HP: 22/52 MP: 7/7
  5490 | D:5      | Entered Level 5 of the Dungeon
  5514 | D:5      | Reached skill level 6 in Axes
  5771 | D:5      | Noticed Jano's ghost (novice VSBe)
  5800 | D:5      | Slain by Jano's ghost

Vault maps used:
D:1:      lightli_arrival_statuegarden, minmay_cut_off
D:2:      grunt_decor_cap, uniq_robin
D:3:      first_bread, serial_forest, infiniplex_forest_3_way,
          infiniplex_forest_diagonal, infiniplex_forest_lined_3,
          infiniplex_forest_zigzag_2, infiniplex_forest_clump_double,
          hangedman_feature_mirror, uniq_grinder
D:5:      lemuel_ratsnest

Skill      XL: |  1  2  3  4  5  6  7 |
---------------+----------------------+-----
Axes           | 1 4 5 6 |  6.3
Armour         | 1 2 |  2.0
Fighting       | |  3.1
Dodging        | |  2.8
Stealth        | |  1.5
Shields        | |  0.4
Unarmed Combat | |  3.2

Action                   |  1- 3 |  4- 6 |  7- 9 || total
-------------------------+-------+-------+-------++-------
Melee: Unarmed           |    18 |       |       ||    18
       Hand axe          |   123 |   168 |       ||   291
       Punch             |     4 |     4 |     1 ||     9
       War axe           |       |    91 |    86 ||   177
  Use: Scroll            |       |     4 |     2 ||     6
 Stab: Sleeping          |     1 |       |       ||     1
       Distracted        |       |     1 |       ||     1
Armor: Robe              |     4 |       |       ||     4
       Chain mail        |    36 |       |       ||    36
       Ring mail         |    39 |   106 |    26 ||   171
Dodge: Dodged            |    84 |   175 |    58 ||   317
Block: Buckler           |    15 |       |       ||    15
